 Dungeon Crawl Stone Soup version bcrawl-1.20 (webtiles) character file.

Game seed: 3942539886347956200

4 MisterOstroum the Sneak (level 1, -6/14 HPs)
             Began as an Octopode Wanderer on Jan 20, 2020.
             Killed from afar by a dart slug (7 damage)
             ... with a slug dart
             ... on level 1 of the Dungeon.
             The game lasted 00:00:30 (91 turns).

MisterOstroum the Sneak (Octopode Wanderer)           Turns: 91, Time: 00:00:31

Health: -6/14      AC:  1    Str: 14    XL:     1   Next: 60%
Magic:  3/3        EV: 12    Int: 12    God:
Gold:   4          SH:  0    Dex: 10    Spells: 4/4 levels left

rFire    . . .     SeeInvis .   (no weapon)
rCold    . . .     Gourm    .   (no shield)
rNeg     . . .     Faith    .   (helmet restricted)
rPois    .         Spirit   .   (cloak restricted)
rElec    .         Reflect  .   (no amulet)
rCorr    .         Harm     .   (no ring)
MR       .....                  (no ring)
Stlth    +++.......             (no ring)
HPRegen  0.04/turn              (no ring)
MPRegen  0.08/turn              (no ring)
                                (no ring)
                                (no ring)
                                (no ring)

@: no status effects
A: almost no armour, stealthy swim, amphibious, 8 rings, constrict 8, camouflage
1, gelatinous body 1
a: no special abilities


You were on level 1 of the Dungeon.
You were not hungry.

You visited 1 branch of the dungeon, and saw 1 of its levels.

You collected 4 gold pieces.

Inventory:

Potions
 a - a potion of brilliance {unknown}
Comestibles
 e - a ration {!d}


   Skills:
 + Level 2.2 Fighting
   Level 1.0 Axes
 - Level 3.0 Stealth
 + Level 0.6 Unarmed Combat
 - Level 2.0 Spellcasting
   Level 2.0 Air Magic
   Level 1.0 Earth Magic


You had 4 spell levels left.
You didn't know any spells.
Your spell library contained the following spells:

 Spells                   Type           Power        Failure   Level  Hunger
 Shock                    Conj/Air       #....        19%         1    ##.....
 Magic Dart               Conj           #...         26%         1    ##.....
 Swiftness                Chrm/Air       #.......     26%         2    ###....
 Static Discharge         Air            #.......     34%         3    ####...
 Blink                    Tloc           N/A          38%         2    ###....
 Call Imp                 Summ           #.....       38%         2    ###....
 Mephitic Cloud           Conj/Pois/Air  #.......     54%         3    ####...
 Conjure Flame            Conj/Fire      #.......     63%         3    ####...
 Spider Form              Tmut/Pois      #..          63%         3    ####...
 Airstrike                Air            #.........   75%         4    #####..
 Lightning Bolt           Conj/Air       #.........   99%         5    ######.


Dungeon Overview and Level Annotations

Branches:
Dungeon (1/12)

Altars:


Innate Abilities, Weirdness & Mutations

You cannot wear most types of armour.
You are very stealthy in the water. (Stealth+)
You are amphibious.
You can wear up to eight rings at the same time.
You can use your tentacles to constrict eight enemies at once.
Your skin changes colour to match your surroundings (Stealth+).
Your rubbery body absorbs attacks. (AC +1, EV +1)


Message History

e - a ration Welcome, MisterOstroum the Octopode Wanderer.
It is said that the Orb of Zot exists deep within this dungeon.
Press ? for a list of commands and other information.
Found a staircase leading out of the dungeon.
You begin with the following items: a +0 club, a +0 dagger, a ration {!d}; and the following spells available to memorise: Shock, Magic Dart, Swiftness, Static Discharge, Blink, Call Imp, Mephitic Cloud, Conjure Flame, Spider Form, Airstrike, Lightning Bolt.
Drop what? 3/52 slots (_ for help) (? for menu, Esc to quit)
You drop a +0 dagger.
You are now empty-tentacled.
You drop a +0 club.
Okay, then.
Unknown command.
a - a smoky coppery potion
Found a cloak.
You aren't carrying any wearable armour.
Found 4 gold pieces and 128 arrows.
You see here a cloak.
You now have 4 gold pieces.
Found a stone staircase leading down.
A worm comes into view.
A quokka comes into view.
Found 9 gold pieces.
Found a ration.
Found an escape hatch in the floor.
The helpless quokka fails to defend itself.
You tentacle-slap the quokka. You grab the quokka.
The quokka is moderately wounded.
You constrict the quokka. The quokka barely misses you.
You barely miss the quokka.
The quokka is severely wounded.
You constrict the quokka. The quokka bites you.
You tentacle-slap the quokka.
You kill the quokka!
A kobold and a dart slug come into view.
You tentacle-slap the worm. You grab the worm.
The worm is lightly wounded.
You constrict the worm. The worm barely misses you.
You tentacle-slap the worm but do no damage.
The worm is lightly wounded.
You constrict the worm.
You tentacle-slap the worm but do no damage.
The worm is lightly wounded.
You constrict the worm.
The kobold shouts!
The worm bites you!
Ouch! That really hurt!
* * * LOW HITPOINT WARNING * * *
You tentacle-slap the worm. You squeeze the worm!
The worm is almost dead.
You constrict the worm.
You kill the worm!
The dart slug launches a dart at you. The slug dart hits you!
Ouch! That really hurt!
You die...

######...# w....
.........##......
#.......K....>...
+...%............
#..........$....
#.............#
#.............#
#......@......#
#.............#
..............#
.####...#######
##..#####
#..#...#
#####..#...##
#...........# ###
#.....>.....#


You could see a dart slug and a kobold.

Vanquished Creatures
  A worm (D:1)
  A quokka (D:1)
2 creatures vanquished.

Notes
Turn   | Place    | Note
-------+----------+-------------------------------------------
     0 | D:1      | MisterOstroum the Octopode Wanderer began the quest for the
                  | Orb.
     0 | D:1      | MisterOstroum set off with the following items: a +0 club,
                  | a +0 dagger, a ration {!d}; and the following spells
                  | available to memorise: Shock, Magic Dart, Swiftness, Static
                  | Discharge, Blink, Call Imp, Mephitic Cloud, Conjure Flame,
                  | Spider Form, Airstrike, Lightning Bolt
     0 | D:1      | Reached XP level 1. HP: 14/14 MP: 3/3
    91 | D:1      | Killed from afar by a dart slug

Action                   || total
-------------------------++-------
Melee: Unarmed           ||     7
       Constrict         ||     2
       Tentacles         ||     1
 Stab: Sleeping          ||     1
Dodge: Dodged            ||     2
